 Dungeon Crawl Stone Soup version 0.29.1-15-g9cfb28693d (webtiles) character file.

Game seed: 4381509117593391443

1 Descartes the Insei (level 1, 0/10 HPs)
             Began as a Deep Elf Wanderer on Apr 22, 2023.
             Frozen to death by an endoplasm (3 damage)
             ... on level 1 of the Dungeon.
             The game lasted 00:00:27 (36 turns).

Descartes the Insei (Deep Elf Wanderer)               Turns: 36, Time: 00:00:28

Health: 0/10       AC:  6    Str: 12    XL:     1   Next: 16%
Magic:  5/5        EV:  8    Int: 15    God:
Gold:   0          SH:  0    Dex: 12    Spells: 2/3 levels left

rFire   . . .      SeeInvis .   a - +0 club
rCold   . . .      Faith    .   (no shield)
rNeg    . . .      Spirit   .   c - +0 scale mail
rPois   .          Reflect  .   (no helmet)
rElec   .          Harm     .   (no cloak)
rCorr   .          Rampage  .   (no gloves)
Will    .....                   (no boots)
Stlth   ..........              (no amulet)
HPRegen 0.03/turn               (no ring)
MPRegen 0.09/turn               (no ring)

@: no status effects
A: no striking features
a: no special abilities


You were on level 1 of the Dungeon.
You visited 1 branch of the dungeon, and saw 1 of its levels.

Inventory:

Hand Weapons
 a - a +0 club (weapon)
Armour
 c - a +0 scale mail (worn)
Scrolls
 b - a scroll of fear
Potions
 d - 2 potions of curing
 e - a potion of heal wounds


   Skills:
 - Level 1.0 Throwing
 - Level 1.0 Armour
 - Level 1.2 Stealth
 - Level 3.2 Unarmed Combat
 + Level 1.8 Spellcasting
 - Level 2.1 Translocations


You had 2 spell levels left.
You knew the following spells:

 Your Spells              Type           Power      Damage    Failure   Level
a - Apportation           Tloc           14%        N/A       45%         1

Your spell library contained the following spells:

 Spells                   Type           Power      Damage    Failure   Level
 Portal Projectile        Hex/Tloc       8%         N/A       93%         3


Dungeon Overview and Level Annotations

Branches:
Dungeon (1/15)

Altars:


Message History

The rat bites you but does no damage.
You hit the kobold but do no damage. The rat bites you.
The kobold hits you but does no damage.
You are too injured to fight recklessly!
You are too injured to fight recklessly!
You are too injured to fight recklessly!
You are too injured to fight recklessly!
You are too injured to fight recklessly!
You are too injured to fight recklessly!
You are too injured to fight recklessly!
You are too injured to fight recklessly!
You are too injured to fight recklessly!
You are too injured to fight recklessly!
You are too injured to fight recklessly!
You are too injured to fight recklessly!
You are too injured to fight recklessly!
You are too injured to fight recklessly!
You are too injured to fight recklessly!
You are too injured to fight recklessly!
You are too injured to fight recklessly!
You are too injured to fight recklessly!
You are too injured to fight recklessly!
You hit the rat.
The rat is heavily wounded.
The kobold hits you but does no damage. The rat bites you but does no damage.
You barely miss the rat.
The rat is heavily wounded.
The kobold hits you but does no damage. The rat bites you but does no damage.
You hit the rat.
You kill the rat!
The kobold closely misses you. The kobold hits you but does no damage.
You barely miss the kobold.
The kobold hits you with a +0 short sword.
* * * LOW HITPOINT WARNING * * *
You hit the kobold.
You kill the kobold!
You barely miss the endoplasm. The endoplasm freezes you.
You are frozen.
You die...

. .. .. .#
###########..#.#
.$....J@........
##.#####.##..##
#..#
###########.## #
#~PP.........#....
#PP~##.###......#
#~~P##.# #...#..#
#.##PP~#
###.#.....
#.##P~P# .# ..#.


You could see an endoplasm.

Vanquished Creatures
  A kobold (D:1)
  A rat (D:1)
2 creatures vanquished.

Notes
Turn   | Place    | Note
-------+----------+-------------------------------------------
     0 | D:1      | Descartes the Deep Elf Wanderer began the quest for the
                  | Orb.
     0 | D:1      | Descartes set off with the following items: a +0 club, a
                  | scroll of fear, a +0 scale mail, a potion of curing, a
                  | potion of heal wounds; and the following spell memorised:
                  | Apportation; and the following spells available to
                  | memorise: Portal Projectile.
     0 | D:1      | Reached XP level 1. HP: 10/10 MP: 5/5
    36 | D:1      | Frozen to death by an endoplasm

Illustrated notes

Levels and vault maps discovered:
D:1:      psy_arrival_conway, layout_loops_ring,
          shapermc_ecumenical_altar_flowoftime, eino_curves_02

Action                   || total
-------------------------++-------
Melee: Club              ||    11
Armor: Scale mail        ||     9
Dodge: Dodged            ||     5
